 Dungeon Crawl Stone Soup version 0.30-a0-715-gdb4ae3ece1 (webtiles) character file.

Game seed: 4139783603978366522

21135 wormed the Protected (level 12, -10/92 HPs)
             Began as a Gnoll Wanderer on Jan 24, 2023.
             Was an Elder of Cheibriados.
             Killed by divine providence
             ... invoked by a meliai
              (13 damage)
             ... on level 3 of the Lair of Beasts.
             The game lasted 00:27:54 (15597 turns).

wormed the Protected (Gnoll Wanderer)              Turns: 15597, Time: 00:27:55

Health: -10/92     AC:  8    Str: 26    XL:     12   Next: 86%
Magic:  21/24      EV: 17    Int: 24    God:    Cheibriados [****..]
Gold:   1260       SH:  5    Dex: 20    Spells: 22/28 levels left

rFire   + . .      SeeInvis +    T - +0 demon whip (venom)
rCold   + . .      Faith    .    (no shield)
rNeg    . . .      Spirit   .    W - +0 troll leather armour
rPois   .          Reflect  +    Z - +0 hat
rElec   .          Harm     .    s - scarf {rC+ rF+}
rCorr   .          Rampage  .    (no gloves)
Will    +....                    n - +1 pair of boots
Stlth   ++++                     H - amulet of reflection
HPRegen 1.15/turn                a - ring of willpower
MPRegen 0.19/turn                u - ring of see invisible

@: very slow
A: fangs 1, strong nose, distributed training
a: Renounce Religion, Bend Time, Temporal Distortion, Slouch


You were on level 3 of the Lair of Beasts.
You worshipped Cheibriados.
Cheibriados was greatly pleased with you.
You visited 3 branches of the dungeon, and saw 15 of its levels.

You collected 1488 gold pieces.
You spent 228 gold pieces at shops.

Inventory:

Hand Weapons
 T - a +0 demon whip of venom (weapon)
Missiles
 l - 5 atropa-tipped darts
 z - 13 curare-tipped darts (quivered)
 M - 62 poisoned darts
Armour
 n - a +1 pair of boots (worn)
 s - a scarf of resistance (worn)
 Q - the +1 tower shield "Guazxaymm" {+Blink rPois rC+}
   (You bought it in a shop on level 7 of the Dungeon)

   rC:        It protects you from cold.
   rPois:     It protects you from poison.
   +Blink:    It lets you blink.
 V - a +2 helmet
 W - a +0 troll leather armour (worn)
 Z - a +0 hat (worn)
Magical Staves
 I - a staff of conjuration
Jewellery
 a - a ring of willpower (left hand)
 u - a ring of see invisible (right hand)
 F - an amulet of the acrobat
 H - an amulet of reflection (around neck)
 L - an amulet of guardian spirit
 Y - a ring of flight
Wands
 c - a wand of digging (9)
 f - a wand of quicksilver (1)
 v - a wand of mindburst (16)
 A - a wand of flame (43)
 B - a wand of charming (3)
 S - a wand of roots (13)
Scrolls
 g - a scroll of fog
 h - 2 scrolls of magic mapping
 j - 6 scrolls of amnesia
 o - a scroll of identify
 p - a scroll of enchant armour
 q - 9 scrolls of teleportation
 x - 3 scrolls of poison
 C - 3 scrolls of fear
 N - a scroll of silence {unknown}
 P - 3 scrolls of immolation {unknown}
 U - a scroll of enchant weapon
Potions
 b - 4 potions of attraction
 e - a potion of resistance {unknown}
 i - 2 potions of invisibility
 k - 2 potions of mutation
 m - 5 potions of curing
 r - 7 potions of brilliance
 w - 3 potions of flight
 D - 3 potions of lignification
 E - 5 potions of cancellation
 O - a potion of berserk rage
 R - 3 potions of might


   Skills:
 + Level 8.0 Fighting
 + Level 8.0 Short Blades
 + Level 8.0 Long Blades
 + Level 8.0 Axes
 + Level 8.0 Maces & Flails
 + Level 8.0 Polearms
 + Level 8.0 Staves
 + Level 8.0 Ranged Weapons
 + Level 8.0 Throwing
 + Level 13.0 Armour
 + Level 8.0 Dodging
 + Level 8.0 Stealth
 + Level 8.0 Shields
 + Level 8.0 Unarmed Combat
 + Level 8.5 Spellcasting
 + Level 8.7 Conjurations
 + Level 6.6 Hexes
 + Level 6.6 Summonings
 + Level 6.6 Necromancy
 + Level 6.6 Translocations
 + Level 6.6 Transmutations
 + Level 6.6 Fire Magic
 + Level 6.6 Ice Magic
 + Level 6.6 Air Magic
 + Level 6.6 Earth Magic
 + Level 6.6 Poison Magic
 + Level 9.2 Invocations
 + Level 8.0 Evocations


You had 22 spell levels left.
You knew the following spells:

 Your Spells              Type           Power      Damage    Failure   Level
a - Mephitic Cloud        Conj/Pois/Air  45%        N/A       1%          3
b - Ignite Poison         Fire/Tmut/Pois 42%        N/A       1%          3

Your spell library contained the following spells:

 Spells                   Type           Power      Damage    Failure   Level
 Beastly Appendage        Tmut           84%        N/A       1%          1
 Magic Dart               Conj           100%       1d8       1%          1
 Shock                    Conj/Air       100%       1d9       1%          1
 Call Imp                 Summ           42%        N/A       1%          2
 Ensorcelled Hibernation  Hex/Ice        84%        N/A       1%          2
 Passwall                 Tmut/Erth      35%        N/A       1%          2
 Sublimation of Blood     Necr           42%        N/A       1%          2
 Wereblood                Tmut           42%        N/A       1%          2
 Call Canine Familiar     Summ           42%        N/A       1%          3
 Kindle Blastsparks       Fire/Tloc/Air  84%        2d17      1%          3
 Portal Projectile        Hex/Tloc       84%        N/A       1%          3
 Spider Form              Tmut/Pois      42%        N/A       1%          3
 Stone Arrow              Conj/Erth      94%        3d12      1%          3
 Swiftness                Air            42%        N/A       1%          3
 Airstrike                Air            21%        2d(3-19)  4%          4
 Leda's Liquefaction      Hex/Erth       21%        N/A       4%          4
 Summon Lightning Spire   Summ/Air       42%        N/A       4%          4
 Lightning Bolt           Conj/Air       23%        1d39      8%          5
 Freezing Cloud           Conj/Ice/Air   22%        6-21      9%          5
 Summon Hydra             Summ           21%        N/A       98%         7
 Borgnjor's Revivificati  Necr           21%        N/A       100%        8
 Necromutation            Tmut/Necr      21%        N/A       100%        8
 Death's Door             Necr           21%        N/A       100%        9


Dungeon Overview and Level Annotations

Branches:
Dungeon (11/15)            Temple (1/1) D:7            Lair (3/5) D:8
 Shoals (0/4) Lair:2
  Snake: Lair:2-3    Spider: Lair:2-3       Orc: D:9-12

Altars:
Cheibriados
Elyvilon
Fedhas
Gozag
Hepliaklqana
Kikubaaqudgha
Nemelex Xobeh
Qazlal
Sif Muna
Trog
Uskayaw
Wu Jian
Xom
Yredelemnul
Zin

Shops:
D:7 *   D:9 *

Annotations:
D:5 2 runed translucent doors, Crazy Yiuf; crux's ghost, novice MeTm


Innate Abilities, Weirdness & Mutations

You have very sharp teeth.
Your uncanny sense of smell can sniff out nearby items.
Your experience applies equally to all skills.


Message History

The yak is moderately wounded.
You block the yak's attack. The yak gores you.
You hit the yak but do no damage.
The yak is moderately wounded.
The yak gores you. The yak closely misses you. The cane toad stings you!
You closely miss the yak.
The yak is moderately wounded.
The cane toad stings you!
You whack the cane toad!
The cane toad is moderately wounded.
The yak gores you. The yak barely misses you.
You closely miss the meliai. The cane toad barely misses you.
You block the meliai's attack. The meliai stings you. The yak misses you. x2
You hit the meliai.
The meliai is poisoned.
The meliai is lightly wounded.
The meliai calls down the wrath of its god upon you.
Something smites you! The cane toad stings you!
* * * LOW HITPOINT WARNING * * *
You block the meliai's attack. The meliai stings you!
* * * LOW HITPOINT WARNING * * *
The yak gores you!
* * * LOW HITPOINT WARNING * * *
The yak gores you.
* * * LOW HITPOINT WARNING * * *
Blink to where?
Press: ? - help, Dir - move target
As you read the scroll of blinking, it crumbles to dust.
Casting: Ignite Poison (safe; 1% risk of failure)
Confirm with . or Enter, or press ? or * to list all spells.
Aiming: Mephitic Cloud (safe; 1% risk of failure)
Press: ? - help, Shift-Dir - straight line The ball explodes into a vile cloud!
The stinking cloud engulfs the cane toad but does no damage.
The cane toad is lightly wounded.
The stinking cloud engulfs the meliai but does no damage.
The meliai is lightly wounded.
The meliai is engulfed in noxious fumes.
The meliai invokes the aid of its god against you.
Something smites you!
You die...

##........ #PYY......#.#.... ..
#...............## ..
.....☼y......#....##.
.......☼F☼............
.....#?..☼.○...........
##..#............###..# ###
#P..##............##..## ##P.
##.P.####(.....@...#....# #...
##..........#≈#≈≈##†##..## #...
P#..........≈§§§§≈#.##...# #...
............#≈§§§≈≈.##..## ##..†
............#≈≈≈≈≈......#####P...
......###....≈§≈§§#....†##P.#....
##....# ##..P§§≈§≈§..............
#.#### #...≈≈#§#...............
### #............###.#......


You could see 2 yaks, a cane toad and a meliai (very poisoned).

Vanquished Creatures
  Gastronok (Lair:2)
  A centaur warrior (D:10)
  Fannar (Lair:2)
  2 hydras (Lair:2)
  A boulder beetle (Lair:1)
  4 two-headed ogres
  Nergalle (Lair:1)
  Amaemon (D:8)
  Pikel (D:7)
  2 ugly things (D:11)
  2 black mambas (Lair:1)
  An orange demon (D:8)
  Maggie (D:8)
  2 unseen horrors
  A komodo dragon (D:8)
  Psyche (D:8)
  2 trolls (D:10)
  3 blink frogs (Lair:1)
  A shadow (D:10)
  7 yaks
  A vampire (D:11)
  A wyvern (D:9)
  A wraith (D:10)
  A vampire mosquito (D:10)
  2 steam dragons (D:10)
  Grum (D:8)
  Menkaure (D:7)
  6 acid dragons
  7 water moccasins
  5 orc warriors
  2 sky beasts
  2 black bears (D:5)
  3 ice beasts
  6 wolves
  2 lemures (D:7)
  4 ogres
  3 centaurs
  Blork the orc (D:6)
  7 bullfrogs
  8 kobold brigands
  2 necrophages (D:5)
  3 scorpions
  6 wights
  A jelly (D:4)
  12 killer bees
  3 howler monkeys
  8 hounds
  8 orc priests
  A gnoll bouda (D:7)
  Jessica (D:3)
  4 iguanas
  Ijyb (D:3)
  11 orc wizards
  7 gnolls
  7 adders
  2 shadow imps
  An ufetubus (D:3)
  3 worms
  A dart slug (D:2)
  34 orcs
  8 endoplasms
  4 giant cockroaches
  8 goblins
  9 hobgoblins
  5 quokkas
  3 ball pythons
  5 bats
  3 frilled lizards
  30 kobolds
  5 rats
296 creatures vanquished.

Vanquished Creatures (others)
  12 fungi
  24 plants
  2 withered plants (D:5)
38 creatures vanquished.

Grand Total: 334 creatures vanquished

Notes
Turn   | Place    | Note
-------+----------+-------------------------------------------
     0 | D:1      | Reached skill level 10 in Armour
     0 | D:1      | wormed the Gnoll Wanderer began the quest for the Orb.
     0 | D:1      | wormed set off with the following items: a +0 club, a
                  | potion of attraction, a scroll of blinking, a +0 chain
                  | mail; and the following spell memorised: Shock; and the
                  | following spells available to memorise: Stone Arrow.
     0 | D:1      | Reached XP level 1. HP: 13/13 MP: 4/4
     0 | D:1      | Noticed a gargoyle
     0 | D:1      | Noticed a vampire
     2 | D:1      | Noticed a tengu
     4 | D:1      | Noticed a barachi
     6 | D:1      | Noticed a demonspawn
     8 | D:1      | Noticed a formicid
     9 | D:1      | Noticed a vine stalker
    11 | D:1      | Noticed a demigod
    11 | D:1      | Noticed a vampire
    13 | D:1      | Noticed a troll
    13 | D:1      | Noticed an octopode
    15 | D:1      | Noticed a tengu
    17 | D:1      | Noticed a human
    17 | D:1      | Noticed a demigod
    17 | D:1      | Noticed a vine stalker
    19 | D:1      | Noticed a draconian
    22 | D:1      | Noticed a barachi
   280 | D:1      | Reached XP level 2. HP: 19/19 MP: 5/5
   983 | D:2      | Reached XP level 3. HP: 14/25 MP: 7/7
  1180 | D:2      | Found a faded altar of an unknown god.
  1253 | D:2      | Reached skill level 1 in Fighting
  1253 | D:2      | Reached skill level 1 in Short Blades
  1253 | D:2      | Reached skill level 1 in Long Blades
  1253 | D:2      | Reached skill level 1 in Axes
  1253 | D:2      | Reached skill level 1 in Maces & Flails
  1253 | D:2      | Reached skill level 1 in Polearms
  1253 | D:2      | Reached skill level 1 in Staves
  1253 | D:2      | Reached skill level 1 in Ranged Weapons
  1253 | D:2      | Reached skill level 1 in Throwing
  1253 | D:2      | Reached skill level 1 in Dodging
  1253 | D:2      | Reached skill level 1 in Stealth
  1253 | D:2      | Reached skill level 1 in Shields
  1253 | D:2      | Reached skill level 1 in Unarmed Combat
  1253 | D:2      | Reached skill level 1 in Evocations
  1361 | D:2      | Reached XP level 4. HP: 32/32 MP: 8/8
  1648 | D:3      | Noticed Jessica
  1653 | D:3      | Killed Jessica
  1654 | D:3      | Reached skill level 1 in Hexes
  1654 | D:3      | Reached skill level 1 in Summonings
  1654 | D:3      | Reached skill level 1 in Necromancy
  1654 | D:3      | Reached skill level 1 in Translocations
  1654 | D:3      | Reached skill level 1 in Transmutations
  1654 | D:3      | Reached skill level 1 in Fire Magic
  1654 | D:3      | Reached skill level 1 in Ice Magic
  1654 | D:3      | Reached skill level 1 in Air Magic
  1654 | D:3      | Reached skill level 1 in Earth Magic
  1654 | D:3      | Reached skill level 1 in Poison Magic
  1668 | D:3      | Identified the +0 robe of the Pirate {*Slow Fly rC+}
  1929 | D:3      | Noticed Ijyb
  1945 | D:3      | Killed Ijyb
  1946 | D:3      | Reached XP level 5. HP: 26/37 MP: 9/9
  2438 | D:4      | Reached XP level 6. HP: 44/44 MP: 11/11
  3192 | D:5      | Entered Level 5 of the Dungeon
  3197 | D:5      | Reached XP level 7. HP: 51/51 MP: 12/12
  3203 | D:5      | Found a runed translucent door.
  3204 | D:5      | Noticed crux's ghost (novice MeTm)
  3241 | D:5      | Found a runed translucent door.
  3242 | D:5      | Noticed Crazy Yiuf
  4109 | D:5      | Reached XP level 8. HP: 51/54 MP: 14/14
  4149 | D:5      | Reached skill level 11 in Armour
  4792 | D:5      | Reached skill level 5 in Invocations
  4950 | D:5      | Reached XP level 9. HP: 37/65 MP: 9/16
  5068 | D:5      | Reached skill level 5 in Spellcasting
  5410 | D:6      | Noticed Blork the orc
  5422 | D:6      | Killed Blork the orc
  5608 | D:6      | Noticed an unseen horror
  5708 | D:6      | Killed an unseen horror
  6498 | D:7      | Noticed Pikel
  6500 | D:7      | Killed Pikel
  6501 | D:7      | Reached skill level 5 in Fighting
  6501 | D:7      | Reached skill level 5 in Short Blades
  6501 | D:7      | Reached skill level 5 in Long Blades
  6501 | D:7      | Reached skill level 5 in Axes
  6501 | D:7      | Reached skill level 5 in Maces & Flails
  6501 | D:7      | Reached skill level 5 in Polearms
  6501 | D:7      | Reached skill level 5 in Staves
  6501 | D:7      | Reached skill level 5 in Ranged Weapons
  6501 | D:7      | Reached skill level 5 in Throwing
  6501 | D:7      | Reached skill level 5 in Dodging
  6501 | D:7      | Reached skill level 5 in Stealth
  6501 | D:7      | Reached skill level 5 in Shields
  6501 | D:7      | Reached skill level 5 in Unarmed Combat
  6501 | D:7      | Reached skill level 5 in Evocations
  6501 | D:7      | Reached XP level 10. HP: 69/74 MP: 18/18
  6538 | D:7      | Found a blossoming altar of Fedhas.
  6925 | D:7      | Found a staircase to the Ecumenical Temple.
  6985 | Temple   | Entered the Ecumenical Temple
  7114 | Temple   | Became a worshipper of Cheibriados the Contemplative
  7164 | D:7      | Noticed Menkaure
  7174 | D:7      | Killed Menkaure
  7297 | D:7      | Found Muykecwe's Assorted Antiques.
  7693 | D:8      | Noticed Psyche
  7702 | D:8      | Learned a level 3 spell: Mephitic Cloud
  7706 | D:8      | Learned a level 3 spell: Ignite Poison
  7721 | D:8      | Killed Psyche
  7894 | D:8      | Noticed Maggie
  7906 | D:8      | Killed Maggie
  8127 | D:8      | Noticed Grum
  8142 | D:8      | Killed Grum
  8311 | D:8      | Noticed an orange demon
  8482 | D:8      | Reached * piety under Cheibriados
  8609 | D:8      | Killed an orange demon
  8910 | D:8      | Noticed Amaemon
  9188 | D:7      | Bought a polished tower shield for 228 gold pieces
  9188 | D:7      | Identified the +1 tower shield "Guazxaymm" {+Blink rPois
                  | rC+} (You bought it in a shop on level 7 of the Dungeon)
  9424 | D:8      | Found a staircase to the Lair.
  9624 | D:8      | Killed Amaemon
  9625 | D:8      | Reached skill level 12 in Armour
  9776 | D:9      | Reached skill level 5 in Hexes
  9776 | D:9      | Reached skill level 5 in Summonings
  9776 | D:9      | Reached skill level 5 in Necromancy
  9776 | D:9      | Reached skill level 5 in Translocations
  9776 | D:9      | Reached skill level 5 in Transmutations
  9776 | D:9      | Reached skill level 5 in Fire Magic
  9776 | D:9      | Reached skill level 5 in Ice Magic
  9776 | D:9      | Reached skill level 5 in Air Magic
  9776 | D:9      | Reached skill level 5 in Earth Magic
  9776 | D:9      | Reached skill level 5 in Poison Magic
 10002 | D:9      | Reached XP level 11. HP: 79/81 MP: 19/21
 10093 | D:9      | Found Iklantec's General Store.
 10232 | D:9      | Reached ** piety under Cheibriados
 10627 | D:9      | Identified the +0 scale mail of Tericw {+Blink rF++ Regen+
                  | Dex-4}
 10722 | D:10     | Entered Level 10 of the Dungeon
 10975 | D:9      | Identified a scroll of acquirement
 10975 | D:9      | Acquired 643 gold pieces
 11210 | D:10     | Noticed a two-headed ogre
 11222 | D:10     | Killed a two-headed ogre
 11417 | D:10     | Reached *** piety under Cheibriados
 11584 | D:10     | Noticed a two-headed ogre
 11594 | D:10     | Killed a two-headed ogre
 11771 | D:10     | Noticed a centaur warrior
 11778 | D:10     | Killed a centaur warrior
 12750 | D:11     | Found a transporter.
 12772 | D:11     | Found a transporter.
 12813 | D:11     | Noticed a two-headed ogre
 12817 | D:11     | Killed a two-headed ogre
 12968 | D:11     | Noticed a two-headed ogre
 12973 | D:11     | Killed a two-headed ogre
 12974 | D:11     | Reached XP level 12. HP: 91/91 MP: 19/23
 13179 | D:11     | Found a transporter.
 13225 | D:11     | Found a transporter.
 13304 | D:11     | Reached **** piety under Cheibriados
 13547 | Lair:1   | Entered Level 1 of the Lair of Beasts
 13811 | Lair:1   | Noticed a boulder beetle
 13811 | Lair:1   | Noticed Nergalle
 13820 | Lair:1   | Killed a boulder beetle
 14282 | Lair:1   | Killed Nergalle
 14587 | Lair:2   | Noticed Fannar
 14597 | Lair:2   | Killed Fannar
 14840 | Lair:2   | Noticed Gastronok
 14849 | Lair:2   | Killed Gastronok
 15040 | Lair:2   | Noticed a four-headed hydra
 15051 | Lair:2   | Killed a four-headed hydra
 15220 | Lair:2   | Found a staircase to the Shoals.
 15220 | Lair:2   | Noticed a six-headed hydra
 15231 | Lair:2   | Killed a six-headed hydra
 15509 | Lair:3   | Reached skill level 13 in Armour
 15595 | Lair:3   | HP: 1/92 [yak (4)]
 15597 | Lair:3   | Killed from afar by a meliai

Illustrated notes

Levels and vault maps discovered:
D:1:      shiori_arrival_whats_in_store_for_you, layout_basic,
          serial_bayou_lagoon_b
D:2:      layout_rooms, chequers_ecumenical_altar_simple,
          nicolae_concentric_dashed_squares_wild, minmay_tree_intersection,
          minmay_3d_cube
D:3:      layout_basic, uniq_ijyb, uniq_jessica
D:4:      layout_rooms, kennysheep_generic_room_15
D:5:      minmay_chambers_of_threes, layout_basic, gammafunk_ghost_grave,
          uniq_crazy_yiuf_cottage
D:6:      layout_basic, uniq_blork_the_orc
D:7:      layout_basic, mainiacjoe_overflow_small_starburst,
          minmay_temple_entry_large_hall, serial_shops, nicolae_take_the_stairs,
          uniq_menkaure, uniq_pikel
D:8:      layout_loops_cross, david_lair_shrubbed, uniq_grum, uniq_amaemon,
          uniq_maggie, uniq_psyche
D:9:      layout_roguey, serial_shops, shop, minmay_orc_keep
D:10:     minmay_imperfect_grid, layout_irregular_city
D:11:     layout_roguey, nicolae_transporter_intersection
Temple:   compressed_dpeg_circular_temple
Lair:1:   layout_roguey, grunt_megastairs_3, serial_bayou_shore_a, uniq_nergalle
Lair:2:   layout_regular_city, shoals_dummy_entry, uniq_gastronok, uniq_fannar
Lair:3:   layout_gridlike, hellmonk_spider_entry_not_the_bees

Skill      XL: |  1  2  3  4  5  6  7  8  9 10 11 12 |
---------------+-------------------------------------+-----
Armour         | 11 12 13 | 13.0
Fighting       | 1 2 3 5 6 7 8 |  8.0
Short Blades   | 1 2 3 5 6 7 8 |  8.0
Long Blades    | 1 2 3 5 6 7 8 |  8.0
Axes           | 1 2 3 5 6 7 8 |  8.0
Maces & Flails | 1 2 3 5 6 7 8 |  8.0
Polearms       | 1 2 3 5 6 7 8 |  8.0
Staves         | 1 2 3 5 6 7 8 |  8.0
Ranged Weapons | 1 2 3 5 6 7 8 |  8.0
Throwing       | 1 2 3 5 6 7 8 |  8.0
Dodging        | 1 2 3 5 6 7 8 |  8.0
Stealth        | 1 2 3 5 6 7 8 |  8.0
Shields        | 1 2 3 5 6 7 8 |  8.0
Unarmed Combat | 1 2 3 5 6 7 8 |  8.0
Evocations     | 1 2 3 5 6 7 8 |  8.0
Spellcasting   | 3 4 5 6 7 8 |  8.5
Hexes          | 1 2 3 4 5 6 |  6.6
Summonings     | 1 2 3 4 5 6 |  6.6
Necromancy     | 1 2 3 4 5 6 |  6.6
Translocations | 1 2 3 4 5 6 |  6.6
Transmutations | 1 2 3 4 5 6 |  6.6
Fire Magic     | 1 2 3 4 5 6 |  6.6
Ice Magic      | 1 2 3 4 5 6 |  6.6
Air Magic      | 1 2 3 4 5 6 |  6.6
Earth Magic    | 1 2 3 4 5 6 |  6.6
Poison Magic   | 1 2 3 4 5 6 |  6.6
Invocations    | 3 4 5 6 7 8 9 |  9.2
Conjurations   | 6 7 8 |  8.7

Action                     |  1- 3 |  4- 6 |  7- 9 | 10-12 || total
---------------------------+-------+-------+-------+-------++-------
  Melee: Club              |    20 |       |       |       ||    20
         Falchion          |    17 |       |       |       ||    17
         Bite              |     7 |    13 |    17 |    79 ||   116
         Hand axe          |    73 |   146 |       |       ||   219
         Flail             |       |     3 |   190 |       ||   193
         Punch             |       |     3 |     7 |    40 ||    50
         Whip              |       |       |       |   167 ||   167
         Staff             |       |       |       |    80 ||    80
         Demon whip        |       |       |       |   365 ||   365
  Throw: Dart              |       |     5 |    11 |     3 ||    19
         Throwing net      |       |       |     3 |       ||     3
   Cast: Mephitic Cloud    |       |       |       |    49 ||    49
         Ignite Poison     |       |       |       |    84 ||    84
  Evoke: Wand              |       |       |    20 |       ||    20
    Use: Scroll            |       |       |    16 |     9 ||    25
         Potion            |       |       |     2 |     4 ||     6
   Stab: Confused          |       |       |       |    10 ||    10
         Sleeping          |       |       |       |     9 ||     9
 Armour: Chain mail        |    73 |   110 |    39 |       ||   222
         Leather armour    |       |       |    87 |    61 ||   148
         Acid dragon scale |       |       |       |    98 ||    98
         Troll leather arm |       |       |       |    33 ||    33
  Dodge: Dodged            |    61 |    61 |   162 |   428 ||   712
  Block: Other             |       |       |    12 |    69 ||    81
         Reflection        |       |       |       |     1 ||     1

Table legend: (Time is in decaauts)
 A = Elapsed time spent in this place.
 B = Non-inter-level travel time spent in this place.
 C = Inter-level travel time spent in this place.
 D = Time resting spent in this place.
 E = Time spent auto-exploring this place.
 F = Levels seen in this place.
 G = Mean time per level.
                   A        B        C        D        E       F      G
               +--------+--------+--------+--------+--------+-----+--------+
         Total |  18342 |  17352 |    990 |      0 |  14177 |  15 | 1222.8 |
       Dungeon |  15066 |  14223 |    843 |      0 |  11447 |  11 | 1369.6 |
        Temple |    171 |    131 |     40 |      0 |    116 |   1 |  171.0 |
          Lair |   3104 |   2998 |    106 |      0 |   2613 |   3 | 1034.7 |
               +--------+--------+--------+--------+--------+-----+--------+

Top non-repeatable levels by time:
    D:10: 2192 daAuts
     D:8: 2074 daAuts
     D:5: 1886 daAuts
     D:7: 1541 daAuts
  Lair:2: 1466 daAuts
  Lair:1: 1466 daAuts
     D:9: 1448 daAuts
    D:11: 1280 daAuts
     D:6: 1254 daAuts
     D:4: 1068 daAuts
     D:1: 985 daAuts
     D:2: 701 daAuts
     D:3: 634 daAuts
  Temple: 171 daAuts
  Lair:3: 170 daAuts
